 Dungeon Crawl Stone Soup version 0.29.0-4-gdea44cf6ec (webtiles) character file.

Game seed: 2476675290586153833

4 qw the Sneak (level 1, 0/14 HPs)
             Began as a Gargoyle Delver on Sept 10, 2022.
             Slain by a kobold brigand
             ... wielding a +0 dagger
              (4 damage)
             ... on level 5 of the Dungeon.
             The game lasted 00:00:08 (208 turns).

qw the Sneak (Gargoyle Delver)                       Turns: 208, Time: 00:00:09

Health: 0/14       AC:  5    Str: 15    XL:     1   Next: 70%
Magic:  1/1        EV: 11    Int: 10    God:
Gold:   0          SH:  0    Dex: 11    Spells: 0/0 levels left

rFire   . . .      SeeInvis .   a - +0 hand axe
rCold   . . .      Faith    .   (no shield)
rNeg    + . .      Spirit   .   b - +0 leather armour
rPois   inf        Reflect  .   (no helmet)
rElec   +          Harm     .   (no cloak)
rCorr   .          Rampage  .   (no gloves)
Will    .....                   (no boots)
Stlth   +++.......              (no amulet)
HPRegen 0.04/turn               (no ring)
MPRegen 0.07/turn               (no ring)

@: no status effects
A: sickness immunity, AC +2, negative energy resistance 1, electricity
resistance, torment resistance 1, petrification resistance
a: no special abilities


You were on level 5 of the Dungeon.
You visited 1 branch of the dungeon, and saw 1 of its levels.


Innate Abilities, Weirdness & Mutations

You are immune to sickness and miasma.
Your stone body is resilient. (AC +2)
You are immune to poison.
You resist negative energy. (rN+)
You are resistant to electric shocks. (rElec)
You are resistant to unholy torment.
You are immune to petrification.


   Skills:
 - Level 3.2 Fighting
 + Level 2.2 Axes
 - Level 1.5 Dodging
 - Level 5.4 Stealth


You couldn't memorise any spells.
You didn't know any spells.
Your spell library was empty.

Inventory:

Hand Weapons
 a - a +0 hand axe (weapon)
 k - a +0 club
Armour
 b - a +0 leather armour (worn)
 h - a +0 chain mail
Wands
 g - a wand of digging (3)
Scrolls
 c - a scroll of fog
 d - a scroll of magic mapping
 e - a scroll of fear
 i - a scroll of noise {unknown}
Potions
 f - a potion of haste
 j - a potion of magic {unknown}

Dungeon Overview and Level Annotations

Branches:
Dungeon (5/15)
 Temple: D:4-7

Altars:


Message History

188 ||| Stepping ~*~*~tactically~*~*~ (stealth).
Things that are here:
a +0 dagger; 7 poisoned darts; a +0 short sword You see here a +0 short sword.
A rat is nearby!
You hit the rat.
You kill the rat!
You hit the bush but do no damage. x2
The kobold brigand throws a throwing net.
The throwing net hits you.
You become entangled in the net!
You struggle against the net.
The kobold brigand hits you but does no damage.
You struggle against the net.
The kobold brigand hits you but does no damage.
You struggle against the net.
The kobold brigand hits you but does no damage.
You rip the net and break free!
The kobold brigand hits you with a +0 dagger!
Ouch! That really hurt!
You slash the kobold brigand!
The kobold brigand is moderately wounded.
You hit the bush but do no damage. x2
The kobold brigand closely misses you.
You barely miss the kobold brigand.
The kobold brigand is moderately wounded.
You hit the bush but do no damage. You hit the bush.
The kobold brigand hits you but does no damage.
You closely miss the kobold brigand.
The kobold brigand is moderately wounded.
You hit the bush but do no damage. x2
The kobold brigand barely misses you.
You hit the kobold brigand.
The kobold brigand is heavily wounded.
You hit the bush but do no damage. You hit the bush.
The kobold brigand hits you with a +0 dagger.
You completely miss the kobold brigand.
The kobold brigand is heavily wounded.
You hit the bush but do no damage. x2
The kobold brigand hits you with a +0 dagger.
You die... ########## #.)......# #@######.# PPKP.7

#.##
P...P..##..#
....%
7###.#####
~.¤....
#.....#
.?..¤...#
#####.####
##.......#
#.#...
7.l....P7
#.....
#.....


You could see a kobold brigand and a frilled lizard.

Vanquished Creatures
  4 kobolds (D:5)
  2 rats (D:5)
6 creatures vanquished.

Vanquished Creatures (others)
  13 plants (D:5)
13 creatures vanquished.

Grand Total: 19 creatures vanquished

Notes
Turn   | Place    | Note
-------+----------+-------------------------------------------
     0 | D:5      | qw the Gargoyle Delver began the quest for the Orb.
     0 | D:5      | Reached XP level 1. HP: 14/14 MP: 1/1
     0 | D:5      | 0 ||| qw: Version: 0.1-a-116-g5d60599
     0 | D:5      | 0 ||| qw: Game counter: 7989
     0 | D:5      | 0 ||| qw: Always use a shield: true
     0 | D:5      | 0 ||| qw: God list: Okawaru
     0 | D:5      | 0 ||| qw: Allow faded altars: false
     0 | D:5      | 0 ||| qw: Do Orc after D:15 true
     0 | D:5      | 0 ||| qw: Do second Lair branch before Depths: true
     0 | D:5      | 0 ||| qw: Lair rune preference: random
     0 | D:5      | 0 ||| qw: Plans: Normal
     0 | D:5      | 0 ||| PLANNING D:1-11
    41 | D:5      | Noticed a kobold brigand
    43 | D:5      | 43 ||| Stepping ~*~*~tactically~*~*~ (stealth).
    45 | D:5      | 45 ||| Stepping ~*~*~tactically~*~*~ (stealth).
   150 | D:5      | 150 ||| Stepping ~*~*~tactically~*~*~ (stealth).
   152 | D:5      | 152 ||| Stepping ~*~*~tactically~*~*~ (stealth).
   154 | D:5      | 154 ||| Stepping ~*~*~tactically~*~*~ (stealth).
   156 | D:5      | 156 ||| Stepping ~*~*~tactically~*~*~ (stealth).
   158 | D:5      | 158 ||| Stepping ~*~*~tactically~*~*~ (stealth).
   167 | D:5      | 167 ||| Stepping ~*~*~tactically~*~*~ (stealth).
   170 | D:5      | 170 ||| Stepping ~*~*~tactically~*~*~ (stealth).
   172 | D:5      | 172 ||| Stepping ~*~*~tactically~*~*~ (stealth).
   176 | D:5      | 176 ||| Stepping ~*~*~tactically~*~*~ (stealth).
   178 | D:5      | 178 ||| Stepping ~*~*~tactically~*~*~ (stealth).
   180 | D:5      | 180 ||| Stepping ~*~*~tactically~*~*~ (stealth).
   185 | D:5      | 185 ||| Stepping ~*~*~tactically~*~*~ (stealth).
   186 | D:5      | 186 ||| Stepping ~*~*~tactically~*~*~ (stealth).
   188 | D:5      | 188 ||| Stepping ~*~*~tactically~*~*~ (stealth).
   208 | D:5      | Slain by a kobold brigand

Levels and vault maps discovered:
D:5:      layout_rooms, lexackson_kobold_supper, uniq_prince_ribbit1,
          uniq_menkaure, uniq_blork_the_orc

Skill      XL: |  1 |
---------------+----+-----
Axes           | 2 |  2.2
Fighting       | |  3.2
Dodging        | |  1.5
Stealth        | |  5.4

Action                   || total
-------------------------++-------
Melee: Hand axe          ||    20
Armor: Leather armour    ||     9
Dodge: Dodged            ||     6

Table legend:
 A = Non-vault XP
 B = Vault XP
 C = Vault XP percentage of total XP
 D = Non-vault monster count
 E = Vault monster count
 F = Vault count percentage of total count
                 A         B        C        D         E       F
            +---------+---------+-------+---------+---------+-------
      Total |       0 |       7 | 100.0 |       0 |       6 | 100.0
            +---------+---------+-------+---------+---------+-------
        D:5 |       0 |       7 | 100.0 |       0 |       6 | 100.0
            +---------+---------+-------+---------+---------+-------
